 Dungeon Crawl Stone Soup version 0.32-a0-779-g362cfcae2a (webtiles) character file.

Game seed: 15144435541741341297

973 Xavori the Trooper (level 8, -1/63 HPs)
             Began as a Djinni Chaos Knight on Mar 19, 2024.
             Was a Plaything of Xom.
             Slain by Prince Ribbit (5 damage)
             ... on level 5 of the Dungeon.
             The game lasted 00:05:55 (5941 turns).

Xavori the Trooper (Djinni Chaos Knight)            Turns: 5941, Time: 00:05:55

Health: -1/63      AC: 16    Str: 11    XL:     8   Next: 39%
Gold:   31         EV: 12    Int: 14    God:    Xom [.....*] SH:  0 Dex: 15

rFire   + + .        a - +0 falchion (chaos)
rCold   x . .        (no shield)
rNeg    . . .        b - +3 leather armour
rPois   ∞            (helmet restricted)
rElec   .            y - +0 cloak
rCorr   .            o - +2 pair of gloves
SInv    .            (boots unavailable)
Will    .....        (no amulet)
Stlth   +            (no ring)
HPRegen 0.30/turn    (no ring)
MPRegen 0.00/turn

%: infuse magic (-2 HP)
@: brilliant, attractive, flying
A: sickness immunity, fire resistance 2, cold vulnerability 1, float, innate
caster, HP casting, extra vitality 1, beak, claws 1, iridescent scales 3, robust
1, MP-powered wands
a: Renounce Religion


You were on level 5 of the Dungeon.
You worshipped Xom.
You were Xom's teddy bear.
You visited 1 branch of the dungeon, and saw 5 of its levels.

You collected 154 gold pieces.
You spent 123 gold pieces at shops.

Inventory:

Hand Weapons
 a - a +0 falchion of chaos (weapon)
Armour
 b - a +3 leather armour (worn)
 o - a +2 pair of gloves (worn)
 u - a +2 robe of resistance
 y - a +0 cloak (worn)
Wands
 m - a wand of warping (6)
 x - a wand of polymorph (7)
Scrolls
 c - a scroll of butterflies
 d - 2 scrolls of identify
 f - a scroll of summoning
 h - 3 scrolls of fog
 j - 2 scrolls of silence
 q - a scroll of fear {unknown}
 r - a scroll of poison {unknown}
 s - 3 scrolls of teleportation
 t - a scroll of revelation {unknown}
 w - a scroll of acquirement {unknown}
Potions
 e - 2 potions of brilliance
 g - a potion of berserk rage {unknown}
 i - a potion of enlightenment {unknown}
 k - a potion of attraction
 l - 2 potions of might {unknown}
 n - a potion of cancellation {unknown}
 p - a potion of heal wounds {unknown}
 v - 2 potions of curing {unknown}


   Skills:
 + Level 4.7 Fighting
 + Level 4.2 Long Blades
 + Level 3.6 Armour
 + Level 4.5 Dodging
 * Level 4.0 Spellcasting
 * Level 4.0 Conjurations
 * Level 4.0 Hexes
   Level 0.0 Charms
 * Level 4.0 Summonings
 * Level 4.0 Necromancy
 * Level 4.0 Translocations
   Level 0.0 Transmutations
 * Level 4.0 Fire Magic
 * Level 4.0 Ice Magic
 * Level 4.0 Air Magic
 * Level 4.0 Earth Magic
 * Level 4.0 Alchemy


You knew the following spells:

 Your Spells              Type           Power      Damage    Failure   Level
a - Necrotise             Necr           84%        1d8       4%          1
b - Blink                 Tloc           42%        N/A       7%          2
c - Ensorcelled Hibernat  Hex/Ice        42%        N/A       7%          2
Your spell library was empty.

Dungeon Overview and Level Annotations

Branches:
Dungeon (5/15)
 Temple: D:4-7

Altars:
Uskayaw
Wu Jian
Xom
Yredelemnul

Shops:
D:1 (   D:2 (**   D:4 (:[=?

Annotations:
D:5 Dowan, Duvessa, Prince Ribbit


Innate Abilities, Weirdness & Mutations

You are immune to sickness and miasma.
You are immune to poison.
Your flesh is very heat resistant. (rF++)
You are vulnerable to cold. (rC-)
You float through the air rather than walking.
You learn spells naturally, not from books.
Your magical power is your life essence.
You have superior vitality. (+4 MHP)
You have a beak for a mouth.
You have sharp fingernails.
You are completely covered in iridescent scales. (AC +6)
You are robust. (+10% HP)
You expend health (3 HP) to strengthen your wands.


Message History

The acid dragon is severely wounded.
Prince Ribbit hits you but does no damage.
Prince Ribbit hits you! The acid dragon spits acid at you.
The splash of acid hits you!
You hear a shout! x2
It was a potion of attraction.
You feel attractive to monsters. Prince Ribbit barely misses you.
The acid dragon completely misses you. The acid dragon barely misses you.
Unknown command.
Aiming: Warp Space
Press: ? - help, Shift-Dir - straight line, f - you, p - Prince Ribbit You feel a surge of power!
Space twists violently!
The rupture engulfs you!
You blink.
Found a stone staircase leading down.
* * * LOW HITPOINT WARNING * * *
You feel a bit more experienced.
The rupture engulfs Prince Ribbit!
Prince Ribbit is moderately wounded.
* * * LOW HITPOINT WARNING * * *
You hear a shout!
Prince Ribbit blinks!
Prince Ribbit hits you but does no damage.
The orc is attracted toward you.
Your Spellcasting skill increases to level 4!
Your Conjurations skill increases to level 4!
Your Hexes skill increases to level 4!
Your Summonings skill increases to level 4!
Your Necromancy skill increases to level 4!
Your Translocations skill increases to level 4!
Your Fire Magic skill increases to level 4!
Your Ice Magic skill increases to level 4!
Your Air Magic skill increases to level 4!
Your Earth Magic skill increases to level 4!
Your Alchemy skill increases to level 4!
It was a potion of brilliance.
You feel clever all of a sudden. Prince Ribbit hits you.
You die...
Xom howls with laughter!

.............#
.............###
..)............
..........D..##
............##
............#
...........## ##
.........$.§#####.#
...........§o§.o@#
............####§F#
..........### ..##
..........# #.##
.......#.?. ..
.......##. #..
###... .. ..> ...#


You could see Prince Ribbit and an orc.

Vanquished Creatures
  An acid dragon (D:5)
  An ogre (D:4)
  Blork the orc (D:5)
  3 scorpions
  6 hounds
  3 orc priests
  Crazy Yiuf (D:5)
  2 iguanas (D:5)
  2 orc wizards
  Terence (D:3)
  4 adders
  2 shadow imps
  4 dart slugs
  10 orcs
  5 endoplasms
  5 giant cockroaches
  8 goblins
  6 hobgoblins
  A quokka (D:1)
  7 ball pythons
  8 bats
  3 frilled lizards
  4 kobolds
  8 rats
96 creatures vanquished.

Vanquished Creatures (collateral kills)
  An adder (D:3)
  A rat (D:1)
2 creatures vanquished.

Vanquished Creatures (others)
  A goblin zombie (D:3)
1 creature vanquished.

Grand Total: 99 creatures vanquished

Notes
Turn   | Place    | Note
-------+----------+-------------------------------------------
     0 | D:1      | Xavori the Djinni Chaos Knight began the quest for the Orb.
     0 | D:1      | Reached XP level 1. HP: 20/20 MP: 0/0
   114 | D:1      | XOM: cast spell 'Summon Small Mammal'
   219 | D:1      | XOM: silly message
   252 | D:1      | Reached XP level 2. HP: 25/25 MP: 0/0
   334 | D:1      | XOM: noise
   416 | D:1      | Found Miuhismiemo's Weapon Boutique.
   522 | D:1      | XOM: give mutations
   522 | D:1      | Gained mutation: You are partially covered in iridescent
                  | scales. (AC +2) [Xom's grace]
   522 | D:1      | Gained mutation: You are robust. (+10% HP) [Xom's grace]
   702 | D:1      | Reached XP level 3. HP: 33/33 MP: 0/0
   702 | D:1      | Learned a level 1 spell: Necrotise
   786 | D:1      | Found a faded altar of an unknown god.
   923 | D:1      | Reached skill level 1 in Spellcasting
   923 | D:1      | Reached skill level 1 in Conjurations
   923 | D:1      | Reached skill level 1 in Hexes
   923 | D:1      | Reached skill level 1 in Summonings
   923 | D:1      | Reached skill level 1 in Necromancy
   923 | D:1      | Reached skill level 1 in Translocations
   923 | D:1      | Reached skill level 1 in Fire Magic
   923 | D:1      | Reached skill level 1 in Ice Magic
   923 | D:1      | Reached skill level 1 in Air Magic
   923 | D:1      | Reached skill level 1 in Earth Magic
   923 | D:1      | Reached skill level 1 in Alchemy
  1895 | D:1      | XOM: give mutations
  1895 | D:1      | Gained mutation: You have a beak for a mouth. [Xom's grace]
  1895 | D:1      | Gained mutation: You have sharp fingernails. [Xom's grace]
  1895 | D:1      | Gained mutation: You are mostly covered in iridescent
                  | scales. (AC +4) [Xom's grace]
  2267 | D:1      | XOM: divination: detect items
  2441 | D:1      | XOM: summons 1 hostile demon
  2467 | D:2      | XOM: enchant monster (good)
  2480 | D:2      | XOM: scenery: summon butterflies
  2481 | D:2      | XOM: enchant monster (good)
  2499 | D:2      | XOM: divination: magic mapping
  2500 | D:2      | XOM: noise
  2508 | D:2      | Reached XP level 4. HP: 15/38 MP: 0/0
  2618 | D:2      | Found Ypeat's General Store.
  2634 | D:2      | Found Muwo's Assorted Antiques.
  2639 | D:2      | Bought a scroll labelled OVANEY XOITS for 19 gold pieces
  2649 | D:2      | Found a shimmering altar of Xom.
  2765 | D:2      | XOM: draining
  2805 | D:2      | Found Qedwibae's Weapon Shop.
  2928 | D:2      | Noticed a scorpion
  2940 | D:2      | Killed a scorpion
  2941 | D:2      | Reached XP level 5. HP: 17/42 MP: 0/0
  2941 | D:2      | Learned a level 2 spell: Blink
  2988 | D:2      | XOM: summons 3 hostile shadow creatures
  3218 | D:3      | Found a basalt altar of Yredelemnul.
  3378 | D:3      | Noticed Terence
  3385 | D:3      | XOM: summons 3 hostile demons
  3572 | D:2      | XOM: summons 3 hostile demons
  3573 | D:2      | Noticed a rust devil
  3590 | D:3      | Killed Terence
  3720 | D:3      | Reached XP level 6. HP: 50/50 MP: 0/0
  3805 | D:3      | XOM: give mutations
  3805 | D:3      | Gained mutation: You are dopey. (Int -2) [Xom's mischief]
  3805 | D:3      | Gained mutation: You expend health (3 HP) to strengthen
                  | your wands. [Xom's mischief]
  3805 | D:3      | Lost mutation: You are dopey. (Int -2) [Xom's mischief]
  3805 | D:3      | Gained mutation: You sometimes lose your temper in combat.
                  | [Xom's mischief]
  3825 | D:3      | Found an ornate altar of the Wu Jian Council.
  4075 | D:3      | XOM: scenery: summon butterflies
  4120 | D:3      | XOM: polymorph bombardier beetle -> dart slug
  4284 | D:4      | Noticed a +0 dagger
  4284 | D:4      | Found Enioll's Antique Armour Boutique.
  4284 | D:4      | Found a hide-covered altar of Uskayaw.
  4287 | D:4      | Noticed a +0 dagger
  4308 | D:4      | Reached XP level 7. HP: 44/57 MP: 0/0
  4308 | D:4      | Learned a level 2 spell: Ensorcelled Hibernation
  4338 | D:4      | XOM: cloud trail
  4433 | D:4      | XOM: divination: magic mapping
  4568 | D:4      | Found Kyextife's Jewellery Boutique.
  4613 | D:4      | Found Riggif's Magic Scroll Boutique.
  4617 | D:4      | Bought a scroll of teleportation for 39 gold pieces
  4617 | D:4      | Bought a scroll of teleportation for 39 gold pieces
  4617 | D:4      | Bought a scroll of identify for 26 gold pieces
  4658 | D:4      | XOM: give mutations
  4658 | D:4      | Lost mutation: You sometimes lose your temper in combat.
                  | [Xom's grace]
  4658 | D:4      | Gained mutation: You are completely covered in iridescent
                  | scales. (AC +6) [Xom's grace]
  4768 | D:4      | XOM: god gift: scroll of teleportation
  4859 | D:4      | XOM: scenery: summon butterflies
  4898 | D:4      | Found Xuegam's Weapon Emporium.
  5045 | D:4      | Found Foclokat's Tremendous Tomes.
  5106 | D:5      | Entered Level 5 of the Dungeon
  5116 | D:5      | Noticed Blork the orc
  5137 | D:5      | Killed Blork the orc
  5234 | D:5      | XOM: scenery: summon butterflies
  5446 | D:5      | XOM: 1-stop teleportation journey
  5505 | D:5      | Reached XP level 8. HP: 63/63 MP: 0/0
  5764 | D:5      | Found a runed translucent door.
  5765 | D:5      | Noticed Crazy Yiuf
  5775 | D:5      | Killed Crazy Yiuf
  5914 | D:5      | Noticed Prince Ribbit
  5914 | D:5      | Noticed Duvessa
  5914 | D:5      | Noticed Dowan
  5914 | D:5      | XOM: 5-stop teleportation journey
  5925 | D:5      | XOM: fog
  5940 | D:5      | HP: 3/63 [shot self (17)]
  5941 | D:5      | Slain by Prince Ribbit

Illustrated notes

Levels and vault maps discovered:
D:1:      shiori_arrival_maze, layout_basic, serial_forest,
          infiniplex_forest_straight_3, infiniplex_forest_clump_C,
          infiniplex_forest_zigzag_2, infiniplex_forest_clump_curved,
          infiniplex_forest_clump_curved, infiniplex_forest_clump_curved,
          infiniplex_forest_clump_long,
          dreamdust_ecumenical_altar_angels_and_demons, serial_shops,
          nicolae_square_shop
D:2:      layout_rooms, basic_altar, serial_shops, nicolae_lakefront_shop, shop,
          nicolae_shop_peninsula
D:3:      layout_loops_ring, yredelemnul_altar_generic,
          mainiacjoe_overflow_six_doors_small, serial_bayou_lake_a, uniq_terence
D:4:      layout_basic, dancing_weapons_uskayaw, serial_shops, shop,
          shop_fountains, nicolae_shop_tiny_glass, nicolae_shop_hallway_plus,
          nicolae_shop_i_like_big_books, nicolae_concentric_dashed_squares_wild
D:5:      layout_layer_cave, mainiacjoe_overflow_alcove_4, uniq_blork_the_orc,
          uniq_prince_ribbit1, uniq_crazy_yiuf_cottage, uniq_duvessa

Skill      XL: |  1  2  3  4  5  6  7  8 |
---------------+-------------------------+-----
Spellcasting   | 1 2 3 4 |  4.0
Conjurations   | 1 2 3 4 |  4.0
Hexes          | 1 2 3 4 |  4.0
Summonings     | 1 2 3 4 |  4.0
Necromancy     | 1 2 3 4 |  4.0
Translocations | 1 2 3 4 |  4.0
Fire Magic     | 1 2 3 4 |  4.0
Ice Magic      | 1 2 3 4 |  4.0
Air Magic      | 1 2 3 4 |  4.0
Earth Magic    | 1 2 3 4 |  4.0
Alchemy        | 1 2 3 4 |  4.0
Long Blades    | 3 4 |  4.2
Armour         | 2 3 |  3.6
Dodging        | 3 4 |  4.5
Fighting       | 4 |  4.7

Action                     |  1- 3 |  4- 6 |  7- 9 || total
---------------------------+-------+-------+-------++-------
  Melee: Falchion          |    56 |   177 |   119 ||   352
         Peck              |     4 |    46 |    27 ||    77
         Unarmed           |       |       |     5 ||     5
   Cast: Ensorcelled Hiber |       |       |     2 ||     2
  Evoke: Wand              |       |       |     1 ||     1
    Use: Scroll            |       |     6 |       ||     6
         Potion            |       |       |     2 ||     2
   Stab: Sleeping          |       |     2 |     1 ||     3
         Distracted        |       |     1 |       ||     1
         Paralysed         |       |     1 |       ||     1
         Petrified         |       |       |    11 ||    11
         Confused          |       |       |     1 ||     1
 Armour: Leather armour    |    37 |   168 |    70 ||   275
         Skin              |       |       |     1 ||     1
  Dodge: Dodged            |    53 |   166 |    83 ||   302

Table legend: (Time is in decaauts)
 A = Elapsed time spent in this place.
 B = Non-inter-level travel time spent in this place.
 C = Inter-level travel time spent in this place.
 D = Time resting spent in this place.
 E = Time spent auto-exploring this place.
 F = Levels seen in this place.
 G = Mean time per level.
                   A        B        C        D        E       F      G
               +--------+--------+--------+--------+--------+-----+--------+
         Total |   5999 |   5776 |    223 |   1753 |   3190 |   5 | 1199.8 |
       Dungeon |   5999 |   5776 |    223 |   1753 |   3190 |   5 | 1199.8 |
               +--------+--------+--------+--------+--------+-----+--------+

Top non-repeatable levels by time:
     D:1: 2448 daAuts
     D:3: 936 daAuts
     D:2: 931 daAuts
     D:5: 841 daAuts
     D:4: 841 daAuts
